 Dungeon Crawl Stone Soup version 0.23.2-1-ga50397a (webtiles) character file.

Game seed: 5733810448635621312

30 IBeShadow the Insei (level 3, -3/46 HPs)
             Began as a Gnoll Wanderer on May 28, 2019.
             Slain by a goblin
             ... wielding a +0 club
             ... led by Robin
              (9 damage)
             ... on level 2 of the Dungeon.
             The game lasted 00:01:15 (694 turns).

IBeShadow the Insei (Gnoll Wanderer)                 Turns: 694, Time: 00:01:15

Health: -3/46      AC:  3    Str: 19    XL:     3   Next: 18%
Magic:  4/4        EV: 14    Int: 14    God:
Gold:   55         SH:  0    Dex: 15    Spells: 3/3 levels left

rFire    . . .     SeeInvis .   a - +2 mace
rCold    . . .     Gourm    .   (no shield)
rNeg     . . .     Faith    .   d - +0 robe
rPois    .         Spirit   .   e - +0 helmet
rElec    .         Reflect  .   (no cloak)
rCorr    .         Harm     .   (no gloves)
MR       .....                  (no boots)
Stlth    ..........             (no amulet)
HPRegen  0.15/turn              (no ring)
MPRegen  0.09/turn              (no ring)

@: berserking, very quick
A: distributed training, fangs 1, strong nose
a: no special abilities


You were on level 2 of the Dungeon.
You were not hungry.

You visited 1 branch of the dungeon, and saw 2 of its levels.

You collected 55 gold pieces.

Inventory:

Hand Weapons
 a - a +2 mace (weapon)
Armour
 d - a +0 robe (worn)
 e - a +0 helmet (worn)
Scrolls
 h - a scroll of enchant weapon {unknown}
Potions
 b - a potion of lignification
 c - a potion of curing
Comestibles
 f - 2 rations


   Skills:
 + Level 4.5 Fighting
 + Level 0.6 Short Blades
 + Level 0.6 Long Blades
 + Level 0.6 Axes
 + Level 2.5 Maces & Flails
 + Level 0.6 Polearms
 + Level 0.6 Staves
 + Level 0.6 Slings
 + Level 0.6 Bows
 + Level 0.6 Crossbows
 + Level 2.5 Throwing
 + Level 0.6 Armour
 + Level 4.5 Dodging
 + Level 2.3 Stealth
 + Level 0.6 Shields
 + Level 4.5 Unarmed Combat
 + Level 0.6 Spellcasting
 + Level 0.4 Conjurations
 + Level 0.4 Hexes
 + Level 0.4 Charms
 + Level 0.4 Summonings
 + Level 0.4 Necromancy
 + Level 0.4 Translocations
 + Level 0.4 Transmutations
 + Level 0.4 Fire Magic
 + Level 0.4 Ice Magic
 + Level 0.4 Air Magic
 + Level 0.4 Earth Magic
 + Level 0.4 Poison Magic
 + Level 0.8 Invocations
 + Level 2.5 Evocations


You had 3 spell levels left.
You didn't know any spells.
Your spell library was empty.

Dungeon Overview and Level Annotations

Branches:
Dungeon (2/15)

Altars:

Annotations:
D:2 Robin


Innate Abilities, Weirdness & Mutations

Your experience applies equally to all skills.
You have very sharp teeth.
Your uncanny sense of smell can sniff out nearby items.


Message History

You are too injured to fight recklessly!
You are too injured to fight recklessly!
You are too injured to fight recklessly!
Unknown command.
You hit Robin but do no damage. The goblin misses you.
Robin hits you with a +2 falchion of protection.
The goblin barely misses you.
Unknown command.
You hit Robin.
Robin is lightly wounded.
The goblin closely misses you.
Robin hits you with a +2 falchion of protection.
* * * LOW HITPOINT WARNING * * *
The goblin barely misses you. The goblin hits you but does no damage.
Unknown command.
It was a potion of berserk rage.
A red film seems to cover your vision as you go berserk!
You feel yourself moving faster!
You feel mighty! Robin closely misses you. The goblin hits you with a +0 club!
You die...

###########
#?g@g......
##g########
#.# #.# #.#
#.#########
#.##....).#
#.##.####.#
#.##.#....#


You could see Robin and 2 goblins.

Vanquished Creatures
  A leopard gecko (D:1)
  6 goblins
  4 hobgoblins
  2 bats (D:1)
  4 frilled lizards (D:1)
  4 kobolds (D:1)
  8 rats (D:1)
29 creatures vanquished.

Notes
Turn   | Place    | Note
-------+----------+-------------------------------------------
     0 | D:1      | IBeShadow the Gnoll Wanderer began the quest for the Orb.
     0 | D:1      | IBeShadow set off with the following items: a +2 mace, a
                  | potion of lignification, a potion of curing, a +0 robe, a
                  | ration
     0 | D:1      | Reached XP level 1. HP: 20/20 MP: 2/2
   107 | D:1      | Reached XP level 2. HP: 21/26 MP: 3/3
   654 | D:2      | Reached XP level 3. HP: 31/31 MP: 4/4
   678 | D:2      | Noticed Robin
   694 | D:2      | Slain by a goblin

Action                   || total
-------------------------++-------
Melee: Mace              ||    51
       Bite              ||     4
       Punch             ||     1
  Use: Potion            ||     1
 Stab: Sleeping          ||     9
Armor: Robe              ||    17
Dodge: Dodged            ||    30
